 Dungeon Crawl Stone Soup version 0.20.0-15-g7f486f2 (webtiles) character file.

124 straycat the Sneak (level 4, -4/34 HPs)
             Began as a Vampire Wanderer on June 25, 2017.
             Slain by a gnoll
             ... wielding a +0 halberd
              (9 damage)
             ... on level 3 of the Dungeon.
             The game lasted 00:09:53 (2071 turns).

straycat the Sneak (Vampire Wanderer)               Turns: 2071, Time: 00:09:53

Health: -4/34      AC:  5    Str: 11    XL:     4   Next: 81%
Magic:  7/7        EV: 12    Int: 11    God:
Gold:   59         SH:  4    Dex: 17    Spells: 6/7 levels left

rFire    . . .     SeeInvis +   a - +2 dagger
rCold    . . .     Gourm    .   (no shield)
rNeg     + . .     Faith    .   v - +0 ring mail
rPois    .         Spirit   .   (no helmet)
rElec    .         Reflect  +   (no cloak)
rCorr    .         Harm     .   (no gloves)
MR       .....                  (no boots)
Stlth    +++.......             m - +4 amulet of reflection
Regen    0.2/turn               (no ring)
MPRegen  0.1/turn               (no ring)

@: lethally poisoned (-4 -> -7)
A: fangs 3, see invisible, unbreathing
a: Bat Form


You were on level 3 of the Dungeon.
You were not thirsty.

You visited 1 branch of the dungeon, and saw 3 of its levels.

You collected 59 gold pieces.

Inventory:

Hand Weapons
 a - a +2 dagger (weapon)
 f - a +0 hunting sling
Missiles
 y - 39 bolts
 z - 37 arrows
 A - 28 sling bullets
Armour
 j - a +0 scale mail
 v - a +0 ring mail (worn)
Jewellery
 m - a +4 amulet of reflection (around neck)
Scrolls
 o - 4 scrolls of remove curse
 r - a scroll of fog
Potions
 e - 15 potions of blood
 i - a potion of lignification
 k - 2 potions of brilliance
 p - a potion of flight {unknown}
 s - a potion of agility {unknown}
 u - a potion of curing {unknown}
 B - 2 potions of mutation
Books
 c - the Tome of Cold

   Spells                             Type                      Level
   a - Freeze                         Ice                          1
   b - Ozocubu's Armour               Charms/Ice                   3


   Skills:
 - Level 2.6 Fighting
   Level 1.7 Axes
 * Level 3.3 Dodging
 * Level 6.0 Stealth
 - Level 2.0 Spellcasting
 - Level 1.0 Ice Magic


You had 6 spell levels left.
You knew the following spells:

 Your Spells              Type           Power        Failure   Level  Hunger
a - Freeze                Ice            #...         43%         1    ##.....


Dungeon Overview and Level Annotations

Branches:
Dungeon (3/15)

Altars:
Makhleb
Nemelex Xobeh


Innate Abilities, Weirdness & Mutations

You have razor-sharp teeth.
You have supernaturally acute eyesight. (SInv)
You can survive without breathing.


Message History

You closely miss the gnoll. You bite the gnoll.
The gnoll is moderately wounded.
You feel sick. The gnoll hits you but does no damage.
You hit the gnoll but do no damage. You bite the gnoll.
The gnoll is heavily wounded.
You block the gnoll's attack.
You hit the gnoll. You bite the gnoll.
The gnoll is almost dead.
The gnoll completely misses you.
You closely miss the gnoll.
The gnoll is almost dead.
You feel sick. The gnoll hits you with a spear.
* * * LOW HITPOINT WARNING * * *
You hit the gnoll.
You kill the gnoll!
Your Stealth skill increases to level 6!
You hit the gnoll.
The gnoll is moderately wounded.
You feel sick. The gnoll hits you with a halberd!
You die...

#.# ##.## .. ##...##
....###...).#######
#......#........#
#.###.###.#####.######### ..##
.#.## ##.# ##.......... #...
.#..###.####...########
#...##.#.g)#@................
###......#..#g######.<.####.###
........##..### ##)## #.#
#.g.g...##..# #.# #.#
#.......##g.# #.# #.#
......S..Sg.# #.# #.#
....S.......# #.# #.#
##.#.######## #.# #.# # #..


You could see a gnoll.

Vanquished Creatures
  2 gnolls (D:3)
  4 adders
  A worm (D:2)
  2 dart slugs (D:1)
  4 leopard geckos
  4 bats
  4 giant cockroaches
  8 goblins
  7 hobgoblins
  9 kobolds
  6 frilled lizards
  5 rats
56 creatures vanquished.

Vanquished Creatures (others)
  A kobold (D:2)
1 creature vanquished.

Grand Total: 57 creatures vanquished

Notes
Turn   | Place    | Note
-------+----------+-------------------------------------------
     0 | D:1      | straycat the Vampire Wanderer began the quest for the Orb.
     0 | D:1      | straycat set off with: a +2 dagger, a potion of heal wounds, the Tome of Cold, a +0 robe, a potion of blood
     0 | D:1      | Reached XP level 1. HP: 17/17 MP: 3/3
     0 | D:1      | Identified the Tome of Cold
     5 | D:1      | Learned a level 1 spell: Freeze
   144 | D:1      | Reached skill level 1 in Dodging
   214 | D:1      | Reached XP level 2. HP: 19/23 MP: 5/5
   333 | D:1      | Reached skill level 4 in Stealth
   473 | D:1      | Reached XP level 3. HP: 21/28 MP: 6/6
   884 | D:2      | Found a sparkling altar of Nemelex Xobeh.
  1291 | D:2      | Reached skill level 5 in Stealth
  1314 | D:1      | Reached XP level 4. HP: 16/34 MP: 7/7
  1531 | D:2      | Found a burning altar of Makhleb.
  2070 | D:3      | Reached skill level 6 in Stealth
  2071 | D:3      | Slain by a gnoll

Skill      XL: |  1  2  3  4 |
---------------+-------------+-----
Dodging        | 1 2 3 |  3.3
Stealth        | 4 5 6 |  6.0
Fighting       | |  2.6
Axes           | |  1.7
Spellcasting   | |  2.0
Ice Magic      | |  1.0

Action                   |  1- 3 |  4- 6 || total
-------------------------+-------+-------++-------
Melee: Dagger            |   153 |    86 ||   239
       Bite              |    10 |     9 ||    19
  Use: Scroll            |       |    11 ||    11
       Potion            |       |     6 ||     6
 Stab: Sleeping          |     2 |     3 ||     5
  Eat: Corpse            |     1 |       ||     1
Armor: Scale mail        |    82 |    12 ||    94
       Ring mail         |       |    10 ||    10
Dodge: Dodged            |    69 |    42 ||   111
Block: Other             |    25 |    11 ||    36
       Reflection        |     1 |       ||     1
